 Dungeon Crawl Stone Soup version 0.30-a0-4-ga7cffc901d (webtiles) character file.

Game seed: 2061050991799241167

202511 experimilk the Severer (level 17, -2/156 HPs)
             Began as a Palentonga Fighter on Aug 6, 2022.
             Was the Champion of Qazlal.
             Succumbed to barbed spike wounds
             ... on level 4 of the Spider Nest on Aug 20, 2022.
             The game lasted 02:33:36 (44859 turns).

experimilk the Severer (Palentonga Fighter)        Turns: 44859, Time: 02:33:36

Health: -2/156     AC: 32    Str: 29    XL:     17   Next: 95%
Magic:  0/27       EV:  6    Int:  8    God:    Qazlal [******]
Gold:   2471       SH: 18    Dex: 11    Spells: 16/16 levels left

rFire   + + .      SeeInvis +    b - +4 broad axe (drain)
rCold   + . .      Faith    .    c - +3 buckler
rNeg    . . .      Spirit   +    L - +5 plate armour {rF+}
rPois   .          Reflect  .    s - +2 helmet
rElec   .          Harm     .    Z - +0 cloak
rCorr   .          Rampage  .    r - +2 pair of gloves
Will    +....                    (no barding)
Stlth   ..........               P - amulet of guardian spirit
HPRegen 0.36/turn                K - +4 ring of slaying
MPRegen 0.20/turn                x - ring of protection from fire

@: spiked, protected from cold, slowed, repel missiles, curled up, very slow
A: large, rugged brown scales 3, see invisible, deformed body, roll 1, armoured
tail, reflexive curl
}: 1/15 runes: decaying
a: Rolling Charge, Renounce Religion, Upheaval, Elemental Force, Disaster Area


You were on level 4 of the Spider Nest.
You worshipped Qazlal.
Qazlal was exalted by your worship.
You visited 5 branches of the dungeon, and saw 29 of its levels.
You also visited: Ossuary, Bailey, Gauntlet and Ice Cave.

You collected 4266 gold pieces.
You spent 1795 gold pieces at shops.

Inventory:

Hand Weapons
 b - a +4 broad axe of draining (weapon)
 B - a +6 vampiric war axe
Missiles
 j - 17 atropa-tipped darts
 l - 40 poisoned darts (quivered)
 I - 2 boomerangs of dispersal
 R - 19 curare-tipped darts
Armour
 c - a +3 buckler (worn)
 r - a +2 pair of gloves (worn)
 s - a +2 helmet (worn)
 L - a +5 plate armour of fire resistance (worn)
 W - +0 fire dragon scales
 Z - a +0 cloak (worn)
Jewellery
 o - a ring of protection from fire
 x - a ring of protection from fire (right hand)
 A - a ring of flight
 K - a +4 ring of slaying (left hand)
 P - an amulet of guardian spirit (around neck)
 U - a ring of willpower
 X - a ring of protection from cold
Wands
 y - a wand of mindburst (7)
 z - a wand of acid (5)
 F - a wand of iceblast (6)
 M - a wand of flame (12)
Scrolls
 k - 3 scrolls of magic mapping
 t - 4 scrolls of amnesia
 w - 3 scrolls of blinking
 D - 10 scrolls of identify
 E - a scroll of silence
 G - 5 scrolls of butterflies
 H - 2 scrolls of summoning
 J - 4 scrolls of teleportation
 O - a scroll of fear
Potions
 a - 4 potions of invisibility
 d - 9 potions of might
 e - 3 potions of resistance
 f - 9 potions of lignification
 g - 11 potions of curing
 h - 6 potions of haste
 i - 7 potions of mutation
 m - 10 potions of brilliance
 n - 6 potions of cancellation
 p - 4 potions of flight
 q - 3 potions of heal wounds
 u - a potion of ambrosia
 v - 8 potions of attraction
Miscellaneous
 N - a phantom mirror
 Q - a phial of floods
 S - a tin of tremorstones (2/2)
 T - a box of beasts


   Skills:
 * Level 16.6 Fighting
 - Level 18.0 Axes
 + Level 10.1 Armour
 - Level 3.0 Dodging
 + Level 12.9 Shields
 * Level 14.4 Invocations
 - Level 6.0 Evocations


You had 16 spell levels left.
You didn't know any spells.
Your spell library contained the following spells:

 Spells                   Type           Power      Damage    Failure   Level
 Shock                    Conj/Air       0%         1d3       98%         1
 Blink                    Tloc           0%         N/A       99%         2
 Ensorcelled Hibernation  Hex/Ice        0%         N/A       99%         2
 Call Canine Familiar     Summ           0%         N/A       100%        3
 Dazzling Flash           Conj/Hex       0%         N/A       100%        3
 Gell's Gravitas          Tloc           0%         N/A       100%        3
 Portal Projectile        Hex/Tloc       0%         N/A       100%        3
 Spider Form              Tmut/Pois      0%         N/A       100%        3
 Swiftness                Air            0%         N/A       100%        3
 Teleport Other           Tloc           0%         N/A       100%        3
 Tukima's Dance           Hex            0%         N/A       100%        3
 Airstrike                Air            0%         2d(0-16)  100%        4
 Anguish                  Hex/Necr       0%         N/A       100%        4
 Fulminant Prism          Conj/Hex       0%         3d6       100%        4
 Iskenderun's Mystic Bla  Conj/Tloc      0%         2d3       100%        4
 Leda's Liquefaction      Hex/Erth       0%         N/A       100%        4
 Passage of Golubria      Tloc           0%         N/A       100%        4
 Blade Hands              Tmut           0%         N/A       100%        5
 Iskenderun's Battlesphe  Conj           0%         2d6       100%        5
 Lee's Rapid Deconstruct  Erth           0%         3d5*      100%        5
 Manifold Assault         Tloc           0%         N/A       100%        5
 Yara's Violent Unravell  Hex/Tmut       0%         3d3       100%        5
 Dispersal                Tloc           0%         N/A       100%        6
 Iron Shot                Conj/Erth      0%         9d1       100%        6
 Starburst                Conj/Fire      0%         6d3       100%        6
 Enfeeble                 Hex            0%         N/A       100%        7
 Spellforged Servitor     Conj/Summ      0%         N/A       100%        7
 Storm Form               Tmut/Air       0%         N/A       100%        7


Dungeon Overview and Level Annotations

Branches:
Dungeon (14/15)            Temple (0/1) D:6            Lair (5/5) D:9
  Swamp (4/4) Lair:3       Spider (4/4) Lair:2        Slime (0/5) Lair:4
    Orc (2/2) D:10            Elf (0/3) Orc:2        Vaults (0/5) D:13
Ossuary (visited)          Bailey (visited)           IceCv (visited)
Gauntlet (visited)

Altars:
Cheibriados
Dithmenos
Elyvilon
Fedhas
Hepliaklqana
Kikubaaqudgha
Makhleb
Okawaru
Qazlal
Uskayaw
Vehumet
Zin

Shops:
D:12 =   Orc:2 !*[(

Portals:
Trove: D:10 (give 5 potions of resistance)

Annotations:
D:9 3 runed translucent doors, osoart's ghost, journeyman TrBe
D:13 1 runed translucent door, Tuopn's ghost, journeyman OpFE


Innate Abilities, Weirdness & Mutations

You are completely covered in rugged brown scales. (AC +3, +7% HP)
You have supernaturally acute eyesight. (SInv)
Armour fits poorly on your strangely shaped body.
You can roll at nearby foes to attack.
You have a long armoured tail.
You curl defensively after being hit. (AC +7*)


Message History

You block the steelbarb worm's attack.
You hit the steelbarb worm. You drain the steelbarb worm.
You tail-slap the steelbarb worm, but do no damage.
The steelbarb worm is almost dead.
You slice the redback simulacrum!!
You block the redback simulacrum's attack.
The steelbarb worm hits you.
* * * LOW HITPOINT WARNING * * *
Barbed spikes become lodged in your body.
The redback simulacrum bites you but does no damage.
Your magical effects are unravelling.
You feel magically purged.
You hear a faint skittering sound.
You hear an angry buzzing noise.
You block the steelbarb worm's attack.
The redback simulacrum bites you but does no damage.
You block the steelbarb worm's attack.
The barbs in your skin will harm you if you move.
Continue? [Y]es or [N]o only, please.
The barbs in your skin will harm you if you move.
Continue? [Y]es or [N]o only, please.
The barbs in your skin will harm you if you move.
Continue?
The redback simulacrum attacks as you move away!
You block the redback simulacrum's attack.
The barbed spikes dig painfully into your body as you move.
* * * LOW HITPOINT WARNING * * *
The redback simulacrum bites you but does no damage.
The torpor snail briefly extends its eye-stalks.
There is a stone staircase leading up, spattered with blood here.
You hear a chilling moan.
You hear a faint skittering sound. x2
The redback simulacrum bites you but does no damage.
The steelbarb worm hits you but does no damage.
The redback simulacrum bites you.
* * * LOW HITPOINT WARNING * * *
The redback simulacrum freezes you!!
Your resistance to physical damage fades away.
You feel protected from cold.
* * * LOW HITPOINT WARNING * * *
You block the steelbarb worm's attack.
The barbed spikes dig painfully into your body as you move.
You die...

..##sH#.....#
..##†..#...#
#..##..^.# .w.#....#
##..#..#^^#
#...#..##^.^.
##.sw#..# ...#
##^..#w#Z# #....
###..#.#(@.###.#...
#^...###†°...###..#
#$.#.#...##°..#
####..#^^^...#..##
#^..^<#^##..##.^..
#..^.#†####...###^^#
...s#.###^..^..^.####
... # #.^...#^.....#
## ##.#.#..#...##


You could see an emperor scorpion, a steelbarb worm (drained), 2 torpor snails
and a redback simulacrum.

Vanquished Creatures
  Frances (Spider:1)
  2 storm dragons
  2 fenstrider witches
  An emperor scorpion (Swamp:4)
  A frost giant (IceCv)
  A ghost moth (Spider:3)
  An orc warlord (Orc:2)
  2 eleionomae
  A minotaur (Gauntlet)
  2 spark wasps
  6 bunyips
  A dire elephant (Lair:5)
  4 entropy weavers
  An ettin (Orc:2)
  2 fire dragons
  A shambling mangrove (Swamp:4)
  7 hydras
  2 jorogumos
  9 boulder beetles
  An ice dragon (Swamp:4)
  3 centaur warriors (D:13)
  5 two-headed ogres
  A ghost crab (Swamp:4)
  A vault guard (D:10)
  3 radroaches
  18 death yaks
  7 alligators
  3 catoblepae (Lair:5)
  A death scarab (Spider:2)
  Urug (Lair:1)
  2 spriggan berserkers (Swamp:4)
  An orc high priest (Orc:2)
  10 spriggans
  Sonja (D:11)
  A skeletal warrior (D:13)
  A fire crab (Lair:5)
  7 pharaoh ants
  A glowing orange brain (Lair:2)
  2 goliath frogs (Swamp:2)
  13 swamp dragons
  A spriggan druid (Swamp:3)
  4 steelbarb worms
  6 orb spiders
  A sun moth (Spider:4)
  3 lindwurms (Lair:5)
  16 bog bodies
  Pikel (D:6)
  2 wizards (Gauntlet)
  3 deep elf pyromancers
  A faun (Lair:1)
  2 manticores (Lair:5)
  3 orc sorcerers
  3 orc knights
  5 ugly things
  14 wolf spiders
  An oklob plant (Lair:5)
  4 cyclopes
  3 will-o-the-wisps (Swamp:4)
  2 moths of wrath (Spider:1)
  10 elephants
  4 black mambas
  An ice statue (IceCv)
  9 cane toads
  A smoke demon (Gauntlet)
  Maggie (D:7)
  6 torpor snails
  An eye of devastation (Swamp:4)
  4 demonic crawlers
  3 kobold demonologists (D:12)
  3 centaur skeletons (D:13)
  5 yaktaurs (D:13)
  11 rime drakes
  2 tengu conjurers (D:13)
  4 trolls
  11 komodo dragons
  4 meliai
  12 polar bears
  11 tyrant leeches
  Prince Ribbit (D:7)
  A bloated husk (Swamp:3)
  A raiju (Gauntlet)
  A blink frog (Lair:5)
  20 tarantellas
  16 hornets
  8 dream sheep (Lair:5)
  6 slime creatures
  Sigmund (D:6)
  17 jumping spiders
  2 shadows (D:11)
  3 wraiths
  20 culicivoras
  36 yaks
  Grum (D:11)
  2 vampires (D:10)
  8 wyverns
  3 basilisks
  57 redbacks
  A death yak simulacrum (D:12)
  3 steam dragons
  3 vampire mosquitoes (Swamp:1)
  Menkaure (D:4)
  21 water moccasins
  12 swamp worms
  An ice beast (D:7)
  38 orc warriors
  10 swamp drakes
  2 sky beasts (D:7)
  3 ogres (Orc:1)
  41 wolves
  8 centaurs
  4 elf zombies (Ossuary)
  3 kobold brigands
  10 bullfrogs
  2 gnoll sergeants
  2 scorpions
  A necrophage (D:4)
  13 wights
  16 killer bees
  A vampire bat (Lair:3)
  A howler monkey (D:8)
  3 electric eels
  5 crimson imps
  A human zombie (Ossuary)
  2 lava snakes (D:10)
  A centaur zombie (Ossuary)
  5 jellies
  2 gnoll boudas
  24 orc priests
  3 hounds
  6 iguanas
  25 orc wizards
  3 spriggan simulacra (D:12)
  A boggart skeleton (D:13)
  3 troll simulacra (D:12)
  A hound zombie (Ossuary)
  3 mummies (Ossuary)
  21 gnolls
  3 adders (D:4)
  A naga simulacrum (D:12)
  2 shadow imps
  5 white imps
  2 ufetubi
  3 adder zombies (Ossuary)
  4 worms
  4 dart slugs
  101 orcs
  6 endoplasms
  4 giant cockroaches
  14 goblins
  5 hobgoblins
  3 jackals (D:3)
  25 kobolds
  4 quokkas
  5 ball pythons
  8 bats
  4 frilled lizards (D:1)
  5 goblin zombies (Ossuary)
  4 hobgoblin zombies (Ossuary)
  3 jackal zombies (Ossuary)
  5 kobold zombies (Ossuary)
  An orc zombie (Ossuary)
  A quokka zombie (Ossuary)
  4 rats
  4 rat zombies (Ossuary)
1048 creatures vanquished.

Vanquished Creatures (collateral kills)
  A thorn hunter (Swamp:2)
  A fenstrider witch (Swamp:3)
  An orc warlord (Orc:2)
  A ghoul (Swamp:3)
  5 hydras
  An alligator (Swamp:2)
  3 death yaks
  An orb spider (Spider:1)
  A bog body (Swamp:3)
  A water nymph (Swamp:3)
  2 cane toads
  A demonic crawler (Spider:1)
  A rime drake (Lair:5)
  A tarantella (Spider:1)
  2 yaks (Lair:5)
  An orc warrior (Orc:2)
  14 wolves
  2 orc priests (Orc:2)
  2 orc wizards (Orc:2)
  8 orcs (Orc:2)
50 creatures vanquished.

Vanquished Creatures (others)
  A rime drake (IceCv)
  A demonic crawler (Spider:1)
  2 bloated husks
  A steam dragon (Gauntlet)
  6 foxfires (Swamp:4)
  24 fungi
  46 plants
81 creatures vanquished.

Grand Total: 1179 creatures vanquished

Notes
Turn   | Place    | Note
-------+----------+-------------------------------------------
     0 | D:1      | experimilk the Palentonga Fighter began the quest for the
                  | Orb.
     0 | D:1      | Reached XP level 1. HP: 19/19 MP: 1/1
   397 | D:1      | Reached XP level 2. HP: 21/25 MP: 2/2
   489 | D:1      | Reached skill level 3 in Axes
   845 | D:1      | Found a faded altar of an unknown god.
  1224 | D:1      | Reached XP level 3. HP: 31/31 MP: 3/3
  1875 | D:2      | Reached skill level 4 in Axes
  2715 | D:3      | Found a glowing silver altar of Zin.
  2947 | D:3      | Reached XP level 4. HP: 33/37 MP: 4/4
  3512 | D:4      | Found a sand-covered staircase.
  3517 | Ossuary  | Entered an ossuary
  3588 | Ossuary  | Reached skill level 5 in Axes
  3588 | Ossuary  | Reached XP level 5. HP: 36/43 MP: 5/5
  3631 | Ossuary  | Reached skill level 6 in Axes
  3765 | Ossuary  | Reached XP level 6. HP: 46/50 MP: 6/6
  3970 | Ossuary  | Reached skill level 7 in Axes
  4149 | D:4      | Gained mutation: You curl defensively after being hit. (AC
                  | +7*) [Palentonga growth]
  4149 | D:4      | Reached XP level 7. HP: 52/55 MP: 7/7
  4170 | D:4      | Reached skill level 8 in Axes
  4676 | D:4      | Noticed Menkaure
  4680 | D:4      | Killed Menkaure
  4704 | D:4      | Reached skill level 9 in Axes
  4770 | D:4      | Found a radiant altar of Vehumet.
  4770 | D:4      | Found a blossoming altar of Fedhas.
  4770 | D:4      | Found a stormy altar of Qazlal.
  4774 | D:4      | Found an iron altar of Okawaru.
  4775 | D:4      | Found a shadowy altar of Dithmenos.
  4792 | D:4      | Became a worshipper of Qazlal Stormbringer
  5290 | D:5      | Entered Level 5 of the Dungeon
  5570 | D:5      | Reached XP level 8. HP: 45/62 MP: 8/8
  5688 | D:5      | Reached skill level 10 in Axes
  6120 | D:5      | Found a burning altar of Makhleb.
  6597 | D:6      | Reached * piety under Qazlal
  6654 | D:6      | Found a staircase to the Ecumenical Temple.
  6681 | D:6      | Found a snail-covered altar of Cheibriados.
  6862 | D:6      | Found a white marble altar of Elyvilon.
  6863 | D:6      | Noticed Sigmund
  6869 | D:6      | Killed Sigmund
  6870 | D:6      | Reached skill level 11 in Axes
  7041 | D:6      | Noticed Pikel
  7048 | D:6      | Killed Pikel
  7049 | D:6      | Reached skill level 12 in Axes
  7049 | D:6      | Reached XP level 9. HP: 39/67 MP: 9/9
  7906 | D:7      | Reached skill level 13 in Axes
  7918 | D:7      | Noticed Maggie
  7930 | D:7      | Killed Maggie
  8150 | D:7      | Reached skill level 14 in Axes
  8153 | D:7      | Reached ** piety under Qazlal
  8389 | D:7      | Noticed Prince Ribbit
  8403 | D:7      | Killed Prince Ribbit
  8404 | D:7      | Reached XP level 10. HP: 57/74 MP: 10/10
  8757 | D:7      | Reached skill level 1 in Evocations
  9096 | D:8      | Noticed a two-headed ogre
  9101 | D:8      | Killed a two-headed ogre
  9402 | D:8      | Identified the +1 robe "Zaref" {rCorr Str-4 Int+2 SInv}
  9805 | D:9      | Found a flagged portal.
  9834 | Bailey   | Entered a bailey
 10114 | Bailey   | Reached *** piety under Qazlal
 10297 | Bailey   | Noticed an orc knight
 10308 | Bailey   | Killed an orc knight
 11104 | D:9      | Found a staircase to the Lair.
 11110 | D:9      | Noticed an elephant
 11121 | D:9      | Killed an elephant
 11184 | D:9      | Reached skill level 15 in Axes
 11187 | D:9      | Found a hide-covered altar of Uskayaw.
 11202 | D:9      | Reached **** piety under Qazlal
 11347 | D:9      | Reached XP level 11. HP: 78/81 MP: 11/11
 11354 | D:9      | Reached skill level 5 in Fighting
 11440 | D:9      | Found a runed translucent gate.
 11441 | D:9      | Found a runed translucent gate.
 11441 | D:9      | Found a runed translucent gate.
 11441 | D:9      | Noticed osoart's ghost (journeyman TrBe)
 11944 | Lair:1   | Entered Level 1 of the Lair of Beasts
 11964 | Lair:1   | Reached skill level 5 in Evocations
 12305 | Lair:1   | Noticed Urug
 12314 | Lair:1   | Killed Urug
 12315 | Lair:1   | Reached skill level 5 in Shields
 12697 | Lair:1   | Reached skill level 16 in Axes
 13861 | Lair:2   | Reached XP level 12. HP: 87/95 MP: 12/12
 14430 | Lair:2   | Reached skill level 1 in Invocations
 14987 | Lair:2   | Noticed a four-headed hydra
 14989 | Lair:2   | a four-headed hydra changed into a glowing orange brain
 15274 | Lair:2   | Found a hole to the Spider Nest.
 15773 | Lair:3   | Noticed a death yak
 15773 | Lair:3   | Noticed a death yak
 15774 | Lair:3   | Noticed a death yak
 16200 | Lair:3   | Noticed a boulder beetle
 16206 | Lair:3   | Noticed a death yak
 16212 | Lair:3   | Noticed a death yak
 16214 | Lair:3   | Killed a boulder beetle
 16218 | Lair:3   | Killed a death yak
 16221 | Lair:3   | Killed a death yak
 16222 | Lair:3   | Reached skill level 5 in Invocations
 16225 | Lair:3   | Killed a death yak
 16228 | Lair:3   | Killed a death yak
 16230 | Lair:3   | Killed a death yak
 16675 | Lair:3   | Found a staircase to the Swamp.
 16886 | Lair:3   | Reached XP level 13. HP: 108/108 MP: 17/17
 17200 | Lair:4   | Reached skill level 5 in Armour
 17323 | Lair:4   | Found a staircase to the Slime Pits.
 17618 | Lair:4   | Found a gate leading to a gauntlet.
 17627 | Gauntlet | Entered a Gauntlet
 17627 | Gauntlet | Found a transporter.
 17627 | Gauntlet | Found a transporter.
 17640 | Gauntlet | Found a transporter.
 17644 | Gauntlet | Found a transporter.
 17653 | Gauntlet | Found a transporter.
 17656 | Gauntlet | Found a transporter.
 17664 | Gauntlet | Found a transporter.
 17681 | Gauntlet | Found a transporter.
 17699 | Gauntlet | Found a transporter.
 17700 | Gauntlet | Found a transporter.
 17704 | Gauntlet | Found a runed translucent door.
 17704 | Gauntlet | Found a runed translucent door.
 17708 | Gauntlet | Found a transporter.
 17736 | Gauntlet | Found a transporter.
 18143 | Gauntlet | Reached skill level 10 in Fighting
 18186 | Gauntlet | Identified the +0 cloak of the Furrier {rC- rCorr Str+3
                  | Dex+3}
 18260 | Gauntlet | Noticed a minotaur
 18268 | Gauntlet | Killed a minotaur
 18990 | Lair:5   | Entered Level 5 of the Lair of Beasts
 19972 | Lair:5   | Noticed a dire elephant
 19985 | Lair:5   | Killed a dire elephant
 20060 | Lair:5   | Reached XP level 14. HP: 62/121 MP: 16/20
 21314 | Lair:5   | Found a runed translucent door.
 22081 | Lair:5   | Paralysed by a hornet for 2 turns
 22193 | Lair:5   | Reached skill level 10 in Invocations
 22466 | D:10     | Entered Level 10 of the Dungeon
 22492 | D:10     | Identified a scroll of acquirement
 22493 | D:10     | Acquired a +1 broad axe of draining
 22544 | D:10     | Found a hazy altar of Hepliaklqana.
 22628 | D:10     | Found a staircase to the Orcish Mines.
 23004 | D:10     | Found a portal to a secret trove of treasure.
 23440 | Orc:1    | Entered Level 1 of the Orcish Mines
 23723 | Orc:2    | Entered Level 2 of the Orcish Mines
 24197 | Orc:2    | Found a staircase to the Elven Halls.
 24217 | Orc:2    | Noticed an orc warlord
 24220 | Orc:2    | Reached ***** piety under Qazlal
 24731 | Orc:2    | Killed an orc warlord
 24798 | Orc:2    | Found Ahyd's Distillery.
 24882 | Orc:2    | Bought a potion of cancellation for 136 gold pieces
 24882 | Orc:2    | Bought a potion of might for 68 gold pieces
 24882 | Orc:2    | Bought a potion of curing for 51 gold pieces
 24882 | Orc:2    | Bought a potion of might for 68 gold pieces
 24918 | Orc:2    | Found Gaas's General Store.
 24938 | Orc:2    | Bought 2 potions of curing for 84 gold pieces
 24938 | Orc:2    | Bought a potion of berserk rage for 70 gold pieces
 24938 | Orc:2    | Bought a scroll of brand weapon for 133 gold pieces
 25129 | Orc:2    | Noticed an orc warlord
 25138 | Orc:2    | Killed an orc warlord
 25491 | Orc:2    | Found Fuxkuqoi's Antique Armour Boutique.
 25498 | Orc:2    | Found Ellaod's Antique Weapon Shop.
 25512 | Orc:2    | Bought a runed plate armour for 910 gold pieces
 26000 | D:11     | Noticed Grum
 26007 | D:11     | Killed Grum
 26289 | D:11     | Found a blossoming altar of Fedhas.
 26427 | D:11     | Reached XP level 15. HP: 113/131 MP: 21/23
 26499 | D:11     | Noticed Sonja
 26509 | D:11     | Killed Sonja
 26854 | D:12     | Found Reuptogo's Jewellery Shop.
 26927 | D:12     | Found a frozen archway.
 26961 | IceCv    | Entered an ice cave
 26967 | IceCv    | Reached skill level 10 in Shields
 27847 | IceCv    | Noticed a frost giant
 27856 | IceCv    | Killed a frost giant
 28711 | D:12     | Reached skill level 17 in Axes
 29154 | D:12     | Bought a ring of protection from cold for 275 gold pieces
 29488 | D:13     | Found a runed translucent door.
 29490 | D:13     | Noticed Tuopn's ghost (journeyman OpFE)
 29623 | D:13     | Reached ****** piety under Qazlal
 31120 | D:13     | Found a gate to the Vaults.
 31961 | Swamp:1  | Entered Level 1 of the Swamp
 32008 | Lair:3   | Upgraded the game from 0.29-a0-1006-g0dd7720b37 to
                  | 0.30-a0-4-ga7cffc901d
 32442 | Swamp:1  | Reached XP level 16. HP: 107/141 MP: 19/25
 32700 | Swamp:1  | Identified the +6 scale mail of the Armoured One {Fly}
 33323 | Swamp:2  | Reached skill level 18 in Axes
 33456 | Swamp:2  | Noticed a thorn hunter
 33469 | Swamp:2  | Killed a thorn hunter
 33599 | Swamp:2  | Identified the +5 ring mail of the Eternal Fruit {rN+}
 34246 | Swamp:3  | Paralysed by a fenstrider witch for 3 turns
 35234 | Swamp:3  | Noticed a storm dragon
 35234 | Swamp:3  | a nine-headed hydra changed into a storm dragon
 35659 | Swamp:3  | Killed a storm dragon
 35992 | Swamp:3  | Found an ancient bone altar of Kikubaaqudgha.
 36187 | Swamp:4  | Entered Level 4 of the Swamp
 36192 | Swamp:4  | Reached skill level 15 in Fighting
 36400 | Swamp:4  | Paralysed by a fenstrider witch for 5 turns
 36780 | Swamp:4  | Identified the +6 whip of Feixkamm {vorpal, Dex+7}
 36806 | Swamp:4  | Reached skill level 1 in Dodging
 37705 | Swamp:4  | Noticed a storm dragon
 37705 | Swamp:4  | an eight-headed hydra changed into a storm dragon
 37712 | Swamp:4  | Killed a storm dragon
 38344 | Swamp:4  | Reached XP level 17. HP: 151/151 MP: 26/26
 38737 | Swamp:4  | Got a decaying rune of Zot
 38915 | Spider:1 | Entered Level 1 of the Spider Nest
 38920 | Spider:1 | Noticed Frances
 38944 | Spider:1 | Killed Frances
 39533 | Spider:1 | HP: 7/153 [jumping spider (4)]
 43723 | Spider:4 | Entered Level 4 of the Spider Nest
 44405 | Spider:4 | Reached skill level 10 in Armour
 44858 | Spider:4 | HP: 3/156 [redback simulacrum (20)]
 44859 | Spider:4 | Succumbed to barbed spike wounds

Illustrated notes

Levels and vault maps discovered:
D:1:      kennysheep_arrival_seaside, layout_loops_corners,
          ebering_ecumenical_altar_box, minmay_tetromino_o2
D:2:      layout_basic, minmay_cupped
D:3:      minmay_diamond_boxcup, layout_loops_cross,
          nicolae_overflow_crystal_walls
D:4:      layout_loops_corners, grunt_temple_overflow_open, enter_ossuary_2,
          uniq_menkaure
D:5:      layout_loops_ring, makhleb_grotto_becter,
          minmay_misc_feat_more_columns, kennysheep_generic_room_11
D:6:      layout_gridville, elyvilon_altar_3, lemuel_round_altar,
          minmay_temple_entry_trees, uniq_sigmund, uniq_pikel
D:7:      nicolae_cairo_tiling_large_dashed, layout_basic, uniq_maggie,
          uniq_prince_ribbit1
D:8:      layout_cave_pools, serial_park_tiny_2, chequers_big_river,
          kennysheep_generic_room_16
D:9:      layout_loops_corners, eat_drink_and_be_merry_uskayaw,
          david_lair_generic, enter_bailey_3, ebering_ghost_rock_garden,
          nicolae_lava_and_water
D:10:     layout_cave_pods, amcnicky_altar_gilded, orc_0_dummy, enter_trove_5,
          kennysheep_big_empty_room, grunt_ministairs_1, kennysheep_donut
D:11:     layout_basic, fedhas_altar_fruit_tree, uniq_grum, uniq_sonja
D:12:     layout_irregular_city, serial_shops, nicolae_stop_n_shop_1,
          portal_ice_cave_entry_ice_simulacra
D:13:     layout_loops_ring, hangedman_vaults_entry_quadrant_bands,
          ebering_ghost_reflecting_pool
D:14:     minmay_the_grid_octo_tiled_octocenter_mashed
          [minmay_the_grid_octo_horde, minmay_the_grid_octo_toaster,
          minmay_the_grid_octo_empty, minmay_the_grid_octo_concentric,
          minmay_the_grid_octo_prize_single_spiral,
          minmay_the_grid_square_5x5_inset, minmay_the_grid_square_5x5_two,
          minmay_the_grid_square_5x5_plus,
          minmay_the_grid_square_5x5_checkered_statues], layout_irregular_city,
          chequers_garden, minivault_11, uniq_agnes, uniq_snorg
Lair:1:   layout_regular_city, grunt_forest_large_clearings, uniq_urug
Lair:2:   layout_cellular_growth, hellmonk_spider_entry_not_the_bees,
          grunt_megastairs_3
Lair:3:   layout_regular_city, swamp_mist_pool, roderic_batcave,
          lemuel_fruit_tree
Lair:4:   layout_small_grid, minmay_slime_entry_pillars, gauntlet_entry_generic
Lair:5:   hangedman_lair_in_review, layout_cave_pods, wormcave,
          minmay_shattered_shrine
Swamp:1:  layout_basic_swamp, serial_swamp_ruin, evilmike_swamp_ruin_wall,
          evilmike_swamp_ruin_rubble_2, evilmike_swamp_ruin_house_1
Swamp:2:  layout_basic_swamp, wheals_swamp_sinkhole, swamp_pool3,
          nicolae_swamp_bean_lake
Swamp:3:  layout_basic_swamp, nicolae_swamp_tree_isthmus, swamp_pool5,
          grunt_ruined_hall
Swamp:4:  swamp_basic_johnstein, layout_basic_swamp
Spider:1: layout_spider_delve, hangedman_spider_mandibles, uniq_frances
Spider:2: layout_spider_delve, drop_trap, nicolae_spider_nook
Spider:3: layout_spider_delve
Spider:4: hellmonk_spider_rune_bug_friends
Orc:1:    layout_caves
Orc:2:    grunt_orc_community_town_hall, layout_diamond_mine,
          grunt_orc_community_big_house_1, grunt_orc_community_big_house_1,
          grunt_orc_community_house_2, grunt_orc_community_house_1,
          grunt_orc_community_house_2, grunt_orc_community_house_2,
          grunt_orc_community_house_2, grunt_orc_community_house_1

Skill      XL: |  1  2  3  4  5  6  7  8  9 10 11 12 13 14 15 16 17 |
---------------+----------------------------------------------------+-----
Axes           | 3 4 5 6 7 9 12 14 15 16 17 18 | 18.0
Shields        | 3 4 6 7 8 9 10 12 | 12.9
Evocations     | 4 6 |  6.0
Fighting       | 4 6 9 11 13 15 16 | 16.6
Armour         | 3 4 6 7 8 9 10 | 10.1
Invocations    | 5 9 11 12 14 | 14.4
Dodging        | 2 3 |  3.0

Action                   |  1- 3 |  4- 6 |  7- 9 | 10-12 | 13-15 | 16-18 || total
-------------------------+-------+-------+-------+-------+-------+-------++-------
Melee: War axe           |   131 |   160 |   167 |   468 |   334 |       ||  1260
       Tailslap          |    16 |    18 |    41 |    69 |   207 |   127 ||   478
       Hand axe          |       |       |    98 |       |       |       ||    98
       Broad axe         |       |       |       |       |   735 |   765 ||  1500
Throw: Stone             |    14 |       |       |       |       |       ||    14
       Dart              |     2 |     1 |     1 |    23 |       |    12 ||    39
Invok: Upheaval          |       |       |       |    10 |    11 |     3 ||    24
       Elemental Force   |       |       |       |     3 |     6 |     9 ||    18
       Disaster Area     |       |       |       |       |     1 |       ||     1
 Abil: Rolling Charge    |    28 |     6 |    56 |    70 |   137 |   114 ||   411
Evoke: Wand              |       |       |    10 |    10 |    12 |    45 ||    77
       Phantom mirror    |       |       |       |     1 |       |       ||     1
       Tin of tremorston |       |       |       |       |     2 |     2 ||     4
       Box of beasts     |       |       |       |       |     1 |     1 ||     2
       Phial of floods   |       |       |       |       |       |     1 ||     1
  Use: Scroll            |     4 |     9 |    11 |    13 |    18 |    12 ||    67
       Potion            |       |       |     2 |     7 |     3 |    12 ||    24
 Stab: Paralysed         |       |       |       |     6 |     9 |     2 ||    17
       Petrified         |       |       |       |       |    11 |       ||    11
Armor: Scale mail        |    37 |       |       |       |       |       ||    37
       Plate armour      |    30 |   118 |   129 |   209 |   417 |   532 ||  1435
Dodge: Dodged            |    46 |    31 |    37 |    72 |   122 |   156 ||   464
       Repelled          |       |       |       |       |     4 |     7 ||    11
Block: Buckler           |    23 |    29 |    62 |   186 |   634 |   572 ||  1506

Table legend: (Time is in decaauts)
 A = Elapsed time spent in this place.
 B = Non-inter-level travel time spent in this place.
 C = Inter-level travel time spent in this place.
 D = Time resting spent in this place.
 E = Time spent auto-exploring this place.
 F = Levels seen in this place.
 G = Mean time per level.
                   A        B        C        D        E       F      G
               +--------+--------+--------+--------+--------+-----+--------+
         Total |  44906 |  43404 |   1502 |  19375 |  13595 |  33 | 1360.8 |
       Dungeon |  16028 |  15457 |    571 |   4663 |   7373 |  14 | 1144.9 |
          Lair |  11122 |  10697 |    425 |   5769 |   2862 |   5 | 2224.4 |
         Swamp |   6956 |   6735 |    221 |   3194 |   1767 |   4 | 1739.0 |
   Spider Nest |   4840 |   4675 |    165 |   3001 |    641 |   4 | 1210.0 |
  Orcish Mines |   2436 |   2318 |    118 |    713 |    876 |   2 | 1218.0 |
       Ossuary |    576 |    576 |      0 |    235 |      0 |   1 |  576.0 |
        Bailey |    759 |    759 |      0 |    483 |      0 |   1 |  759.0 |
      Ice Cave |   1542 |   1542 |      0 |   1059 |     74 |   1 | 1542.0 |
      Gauntlet |    643 |    643 |      0 |    258 |      0 |   1 |  643.0 |
               +--------+--------+--------+--------+--------+-----+--------+

Top non-repeatable levels by time:
  Lair:5: 3294 daAuts
  Lair:2: 3077 daAuts
 Swamp:4: 2674 daAuts
    D:13: 2310 daAuts
 Swamp:3: 2210 daAuts
  Lair:1: 1904 daAuts
Spider:1: 1891 daAuts
  Lair:3: 1685 daAuts
   IceCv: 1542 daAuts
Spider:3: 1485 daAuts
   Orc:2: 1462 daAuts
     D:9: 1457 daAuts
     D:1: 1352 daAuts
     D:7: 1336 daAuts
Spider:2: 1312 daAuts
